 Dungeon Crawl Stone Soup version 0.25-a0-56-g68f8618 (webtiles) character file.

Game seed: 690188701881400208, levelgen mode: deterministic

79 BoppinsLewinski the Covered (level 4, 0/37 HPs)
             Began as a Barachi Fighter on Oct 25, 2019.
             Succumbed to a hobgoblin's poison
             ... on level 3 of the Dungeon.
             The game lasted 00:04:27 (2194 turns).

BoppinsLewinski the Covered (Barachi Fighter)       Turns: 2194, Time: 00:04:27

Health: 0/37       AC:  9    Str: 16 (18) XL:     4   Next: 38%
Magic:  4/4        EV: 13    Int:  8 (9)  God:
Gold:   85         SH:  0    Dex: 13 (14) Spells: 3/3 levels left

rFire    + . .     SeeInvis .   a - +0 flail
rCold    + . .     Gourm    .   (no shield)
rNeg     . . .     Faith    .   l - +0 chain mail
rPois    +         Spirit   .   (no helmet)
rElec    +         Reflect  .   (no cloak)
rCorr    +         Harm     .   (no gloves)
MR       .....                  (no boots)
Stlth    ..........             (no amulet)
HPRegen  0.12/turn              (no ring)
MPRegen  0.09/turn              (no ring)

@: agile, lethally poisoned (0 -> -8), resistant, slow
A: +LOS, swims, clumsy 1, screaming 1, slowness 1, sturdy frame 1, strong legs 1
a: Hop


You were on level 3 of the Dungeon.
You were not hungry.

You visited 1 branch of the dungeon, and saw 3 of its levels.

You collected 85 gold pieces.

Inventory:

Hand Weapons
 a - a +0 flail (weapon)
Armour
 l - a +0 chain mail (worn)
Jewellery
 b - an uncursed ring of protection from magic {unknown}
Scrolls
 c - a scroll of fog {unknown}
 g - 2 scrolls of identify {unknown}
 i - 2 scrolls of magic mapping {unknown}
 k - a scroll of remove curse {unknown}
 n - a scroll of enchant armour {unknown}
Potions
 d - a potion of might
Comestibles
 f - 2 rations


   Skills:
 + Level 4.2 Fighting
 * Level 3.5 Maces & Flails
 + Level 4.2 Armour
 + Level 1.6 Dodging
   Level 3.2 Shields


You had 3 spell levels left.
You didn't know any spells.
Your spell library was empty.

Dungeon Overview and Level Annotations

Branches:
Dungeon (3/15)

Altars:
Makhleb
Qazlal
Ru


Innate Abilities, Weirdness & Mutations

Shadows flee at your approach. (+LOS)
You can swim through water.
You cover ground slowly.
You can hop short distances.
You are clumsy. (Dex -2)
You occasionally shout uncontrollably at your foes.
Your movements are slightly less encumbered by armour. (ER -2)


Message History

* * * LOW HITPOINT WARNIN'
* * * Ye feel sick.
Tha frilled lizard closely misses ye.
Tha rat closely misses ye.
Ye be too injured ta fight recklessly!
Unknown command.
Ye be too injured ta fight recklessly!
Unknown command.
Ye hit tha frilled lizard.
Tha frilled lizard be heavily wounded.
* * * LOW HITPOINT WARNIN'
* * * Ye feel sick.
Tha frilled lizard misses ye.
Tha rat bites ye but does nay damage.
Tha frilled lizard bites ye but does nay damage.
Unknown command.
Ye hit tha frilled lizard.
Ye kill tha frilled lizard!
* * * LOW HITPOINT WARNIN'
* * * Ye feel sick.
Tha rat bites ye but does nay damage.
Tha rat misses ye.
Unknown command.
Yer chain mail prevents ye from hittin' tha rat.
Ye die...

# #..##.# #.# #
#..##.# #.#
###...###
#E#...#E#
####...#### #
#.####.†)......#
##
#........._....#
≈##
#####..........#
≈≈##
##@###...####
≈≈≈##
#rr#E#...#E#
≈≈≈≈##
#.g###...###
≈≈≈≈≈#
#.(.######
≈≈≈≈≈# #.(.#
≈≈≈≈≈# #...#
≈≈≈≈≈#
..........#
≈≈≈≈≈#
#####.#.#.#
≈≈≈≈≈# #[#. .#


You could see an earth elemental, an air elemental, a hobgoblin and 2 rats.

Vanquished Creatures
  2 adders (D:3)
  An ooze (D:3)
  A worm (D:3)
  3 leopard geckos
  3 orcs (D:3)
  3 giant cockroaches
  8 goblins
  2 hobgoblins
  A jackal (D:3)
  2 quokkas
  5 bats (D:1)
  6 frilled lizards
  4 kobolds
  8 rats
49 creatures vanquished.

Notes
Turn   | Place    | Note
-------+----------+-------------------------------------------
     0 | D:1      | BoppinsLewinski the Barachi Fighter began the quest for the
                  | Orb.
     0 | D:1      | Reached XP level 1. HP: 18/18 MP: 1/1
   123 | D:1      | Reached XP level 2. HP: 22/25 MP: 2/2
  1030 | D:2      | Reached skill level 1 in Dodging
  1127 | D:2      | Reached XP level 3. HP: 24/30 MP: 3/3
  1179 | D:2      | Found a burning altar of Makhleb.
  1310 | D:2      | Found a sacrificial altar of Ru.
  1859 | D:3      | Reached XP level 4. HP: 35/37 MP: 4/4
  2151 | D:3      | Found a stormy altar of Qazlal.
  2153 | D:3      | Noticed an earth elemental
  2153 | D:3      | Noticed a water elemental
  2153 | D:3      | Noticed a fire elemental
  2154 | D:3      | Noticed an air elemental
  2189 | D:3      | Gained mutation: You occasionally shout uncontrollably at
                  | your foes. [potion of mutation]
  2189 | D:3      | Gained mutation: You are clumsy. (Dex -2) [potion of
                  | mutation]
  2189 | D:3      | Gained mutation: Your movements are slightly less
                  | encumbered by armour. (ER -2) [potion of mutation]
  2193 | D:3      | HP: 1/37 [poisoned by a hobgoblin]
  2194 | D:3      | Succumbed to a hobgoblin's poison

Levels and vault maps discovered:
D:1:      evilmike_arrival_fibonacci_small, layout_basic
D:2:      layout_loops_ring, nicolae_ru_path_of_blood, lemuel_doored_altar,
          first_ration
D:3:      kennysheep_big_flooded_room, layout_loops_ring, old_standard_altar,
          nicolae_qazlal_style_of_elements, kennysheep_generic_room_12,
          uniq_natasha

Table legend:
 A = Non-vault XP
 B = Vault XP
 C = Vault XP percentage of total XP
 D = Non-vault monster count
 E = Vault monster count
 F = Vault count percentage of total count
                 A         B        C        D         E       F
            +---------+---------+-------+---------+---------+-------
      Total |      99 |      15 |  13.2 |      44 |       5 |  10.2
            +---------+---------+-------+---------+---------+-------
        D:1 |      25 |       1 |   3.8 |      17 |       1 |   5.6
        D:2 |      22 |       0 |   0.0 |      13 |       0 |   0.0
        D:3 |      52 |      14 |  21.2 |      14 |       4 |  22.2
            +---------+---------+-------+---------+---------+-------
